 Dungeon Crawl Stone Soup version 0.21-a0-286-g6fcecc0 (webtiles) character file.

100 Ijustatesigmund the Cudgeler (level 4, -1/33 HPs)
             Began as an Octopode Fighter on Sept 28, 2017.
             Slain by a gnoll
             ... wielding a cursed -3 spear
              (7 damage)
             ... on level 2 of the Dungeon.
             The game lasted 00:02:08 (1054 turns).

Ijustatesigmund the Cudgeler (Octopode Fighter)     Turns: 1054, Time: 00:02:09

Health: -1/33      AC:  1    Str: 15    XL:     4   Next: 73%
Magic:  4/4        EV: 10    Int: 10    God:
Gold:   64         SH:  9    Dex: 12    Spells: 3/3 levels left

rFire    . . .     SeeInvis .   a - +0 flail
rCold    . . .     Gourm    .   b - +1 shield
rNeg     . . .     Faith    .   (helmet restricted)
rPois    .         Spirit   .   (no amulet)
rElec    .         Reflect  .   (no ring)
rCorr    .         Harm     .   (no ring)
MR       .....                  (no ring)
Stlth    ++........             (no ring)
HPRegen  0.11/turn              (no ring)
MPRegen  0.09/turn              (no ring)
                                (no ring)
                                (no ring)

@: heavily drained
A: almost no armour, stealthy swim, amphibious, 8 rings, constrict 8, camouflage
1, gelatinous body 1
a: no special abilities


You were on level 2 of the Dungeon.
You were hungry.

You visited 1 branch of the dungeon, and saw 2 of its levels.

You collected 64 gold pieces.

Inventory:

Hand Weapons
 a - a +0 flail (weapon)
Armour
 b - a +1 shield (worn)
Jewellery
 l - an uncursed ring of fire
Potions
 c - a potion of might
 f - a potion of berserk rage
 k - a potion of brilliance
Comestibles
 d - 2 bread rations


   Skills:
 + Level 3.9(2.7) Fighting
 * Level 4.0(2.8) Maces & Flails
 - Level 3.0(1.8) Dodging
 - Level 3.0(1.8) Shields


You had 3 spell levels left.
You didn't know any spells.

Dungeon Overview and Level Annotations

Branches:
Dungeon (2/15)

Altars:
Makhleb
Yredelemnul


Innate Abilities, Weirdness & Mutations

You cannot wear most types of armour.
You are very stealthy in the water. (Stealth+)
You are amphibious.
You can wear up to eight rings at the same time.
You can use your tentacles to constrict eight enemies at once.
Your skin changes colour to match your surroundings (Stealth+).
Your rubbery body absorbs attacks. (AC +1, EV +1)


Message History

The gnoll hits you from afar with an enchanted spear.
The hobgoblin misses you. The gnoll closely misses you.
You hit the leopard gecko. Your grab misses the leopard gecko.
You squeeze the leopard gecko.
You kill the leopard gecko!
You block the hobgoblin's attack. The gnoll closely misses you.
You closely miss the hobgoblin. Your grab misses the hobgoblin.
The hobgoblin barely misses you. You block the gnoll's attack.
The gnoll hits you from afar with an enchanted spear.
The hobgoblin barely misses you.
The gnoll hits you from afar with a spear.
You block the gnoll's attack.
You barely miss the hobgoblin. Your grab misses the hobgoblin.
You squeeze the hobgoblin.
The hobgoblin is heavily wounded.
The hobgoblin hits you.
The gnoll hits you from afar with a spear!
* * * LOW HITPOINT WARNING * * *
The gnoll hits you from afar with an enchanted spear!
You die...

.##.....###
.######.###
..... .##
#...# .....
..# ###.###
(..... #.#
#...# ....
#.# ###.#
#... ..#
#.## ##gg#
###
#..###g.#
##..##@#
##.##.#
#....#
######


You could see 2 gnolls and a hobgoblin.

Vanquished Creatures
  A hound (D:2)
  Terence (D:2)
  An adder (D:2)
  A gnoll (D:2)
  A dart slug (D:1)
  A leopard gecko (D:2)
  4 giant cockroaches (D:1)
  A hobgoblin (D:1)
  A ball python (D:1)
  5 bats
  A frilled lizard (D:2)
  2 goblins
  3 kobolds
  3 rats
26 creatures vanquished.

Notes
Turn   | Place    | Note
-------+----------+-------------------------------------------
     0 | D:1      | Ijustatesigmund the Octopode Fighter began the quest for the Orb.
     0 | D:1      | Reached XP level 1. HP: 16/16 MP: 1/1
   133 | D:1      | Reached XP level 2. HP: 21/21 MP: 2/2
   460 | D:2      | Noticed Terence
   468 | D:2      | Killed Terence
   468 | D:2      | Reached skill level 3 in Maces & Flails
   468 | D:2      | Reached XP level 3. HP: 22/26 MP: 3/3
   544 | D:2      | Found a basalt altar of Yredelemnul.
   752 | D:2      | Reached XP level 4. HP: 17/33 MP: 4/4
   956 | D:2      | Found a burning altar of Makhleb.
   956 | D:2      | Noticed an Executioner
  1051 | D:2      | Reached skill level 4 in Maces & Flails
  1054 | D:2      | Slain by a gnoll

Vault maps used:
D:1:      mainiacjoe_arrival_reflecting_pool, minmay_tromino_mix6
D:2:      makhleb_altar_promises_db, yredelemnul_altar_generic,
          uniq_crazy_yiuf_cottage, uniq_terence

Skill      XL: |  1  2  3  4 |
---------------+-------------+-----
Maces & Flails | 3 4 |  4.0
Fighting       | |  3.9
Dodging        | |  3.0
Shields        | |  3.0

Action                   |  1- 3 |  4- 6 || total
-------------------------+-------+-------++-------
Melee: Flail             |    57 |     7 ||    64
       Constrict         |    12 |     1 ||    13
       Tentacles         |     8 |     2 ||    10
  Use: Scroll            |     2 |     6 ||     8
       Potion            |       |     2 ||     2
 Stab: Sleeping          |     2 |       ||     2
Armor: Skin              |    13 |       ||    13
Dodge: Dodged            |    40 |     8 ||    48
Block: Shield            |    25 |     5 ||    30

Table legend:
 A = Spawn XP
 B = Non-spawn XP
 C = Spawn XP percentage of total XP
 D = Spawn monster count
 E = Non-spawn monster count
 F = Spawn count percentage of total count
 G = Total turns spent on level
                    A         B        C        D         E        F      G
               +---------+---------+-------+---------+---------+-------+---------
         Total |       0 |     143 |   0.0 |       0 |      26 |   0.0 |  1054
               +---------+---------+-------+---------+---------+-------+---------
           D:1 |       0 |      24 |   0.0 |       0 |      14 |   0.0 |   460
           D:2 |       0 |     119 |   0.0 |       0 |      12 |   0.0 |   594
               +---------+---------+-------+---------+---------+-------+---------
